 Dungeon Crawl Stone Soup version 0.28.0-47-ge53b351184 (console) character file.

Game seed: 8738738285797872273

786 Faeu the Skirmisher (level 7, -2/63 HPs)
             Began as a Minotaur Fighter on May 2, 2022.
             Killed from afar by an acid dragon (22 damage)
             ... with a splash of acid
             ... on level 5 of the Dungeon.
             The game lasted 00:10:40 (4252 turns).

Faeu the Skirmisher (Minotaur Fighter)              Turns: 4252, Time: 00:10:41

Health: -2/63      AC:  4    Str: 28    XL:     7   Next: 56%
Magic:  6/6        EV: 10    Int:  5    God:
Gold:   158        SH: 10    Dex: 10    Spells: 6/6 levels left

rFire   . . .      SeeInvis +   a - +0 war axe {axe}
rCold   . . .      Faith    .   c - +0 buckler
rNeg    . . .      Spirit   .   b - +0 scale mail
rPois   .          Reflect  +   (helmet restricted)
rElec   .          Harm     .   (no cloak)
rCorr   .          Rampage  .   (no gloves)
Will    .....                   k - +0 pair of boots
Stlth   ..........              n - amulet of reflection
HPRegen 0.20/turn               u - ring of see invisible
MPRegen 0.10/turn               D - +6 ring of strength

@: corroded
A: horns 2, retaliatory headbutt
a: no special abilities


You were on level 5 of the Dungeon.
You visited 1 branch of the dungeon, and saw 6 of its levels.

You collected 158 gold pieces.


Innate Abilities, Weirdness & Mutations

You have a pair of horns on your head.
You reflexively headbutt those who attack you in melee.


   Skills:
 + Level 6.2 Fighting
 + Level 5.3 Axes
 + Level 6.0 Armour
 + Level 1.7 Dodging
 + Level 6.1 Shields


You had 6 spell levels left.
You didn't know any spells.
Your spell library was empty.

Inventory:

Hand Weapons
 a - a +0 war axe (weapon) {axe}
 s - a +1 short sword of electrocution {short}
   (You found it on level 2 of the Dungeon)
 B - a +2 vampiric dagger {short}
   (You took it off a goblin on level 3 of the Dungeon)
Missiles
 t - 34 sling bullets
 z - 4 poisoned darts {throwing}
 E - 3 throwing nets (quivered) {=f!fthrowing}
Armour
 b - a +0 scale mail (worn)
 c - a +0 buckler (worn)
 h - a scarf of harm
   (You found it on level 1 of the Dungeon)
 k - a +0 pair of boots (worn)
   (You found it on level 5 of the Dungeon)
 p - a +2 robe of fire resistance
   (You found it on level 4 of the Dungeon)
Jewellery
 n - an amulet of reflection (around neck)
   (You found it on level 5 of the Dungeon)
 u - a ring of see invisible (left hand)
   (You found it on level 2 of the Dungeon)
 D - a +6 ring of strength (right hand)
   (You found it on level 3 of the Dungeon)
Scrolls
 e - a scroll of summoning {unknown}
 f - 3 scrolls of identify {unknown}
 g - 3 scrolls of teleportation {unknown}
 j - a scroll of fear {unknown}
 l - 2 scrolls of enchant armour {unknown}
 m - a scroll of holy word {unknown}
 o - a scroll of blinking {unknown}
 v - a scroll of amnesia {unknown}
 w - a scroll of fog {unknown}
 y - a scroll of noise {unknown}
 A - a scroll of immolation {unknown}
Potions
 d - a potion of might
 i - a potion of haste {@q3}
 q - a potion of curing {unknown}
 r - 2 potions of flight {unknown}
 x - a potion of attraction {unknown}
 C - a potion of heal wounds {unknown}

Dungeon Overview and Level Annotations

Branches:
Dungeon (6/15)
 Temple: D:4-7

Altars:

Annotations:
D:4 Edmund, Ijyb

..# ##........#
..## ##.......#
...# #......##
...# ##.....# .
...# ##..### ..
#### ##..## ..#
##..## ##..
##..## #..#
##..#####..#
##..##..#
#..@D### ##..##
### #.## #...
#..# #.. ##.##
##..#.. ...#.#
...# ### #
##.### #.# ###..
#....###.##.....
#.)#.>.#......#


You could see an acid dragon (catching breath).


Message History

😕 HP[-3]
You take 3 damage, and now have 59/63 hp.
You closely miss the hound. The hound bites you but does no damage.
You block the hound's attack.
You barely miss the hound. You block the hound's attack.
The hound bites you but does no damage. 😕 HP[+1]
You barely miss the hound. You headbutt the hound. The hound bites you.
The hound bites you but does no damage. 😕 HP[-3]
You take 3 damage, and now have 57/63 hp.
You hit the hound. Your headbutt misses the hound.
The hound bites you but does no damage. The hound bites you. 😕 HP[-3]
You take 3 damage, and now have 54/63 hp.
You barely miss the hound. The hound closely misses you. The hound misses you.
You furiously retaliate!
You headbutt the hound!
You kill the hound!
Your Shields skill increases to level 6!
You closely miss the ice beast.
You headbutt the ice beast, but do no damage.
The ice beast hits you but does no damage. 😕 HP[+1]
You closely miss the ice beast.
You headbutt the ice beast, but do no damage.
The ice beast hits you. The ice beast freezes you!
You block the ice beast's attack. 😮 HP[-11]
You take 11 damage, and now have 44/63 hp.
You hit the ice beast. The ice beast closely misses you.
You hit the ice beast but do no damage.
The ice beast hits you but does no damage.
You hit the ice beast. You block the ice beast's attack.
The ice beast barely misses you. 😮 HP[+1]
You closely miss the ice beast.
The ice beast hits you but does no damage.
You closely miss the ice beast.
You headbutt the ice beast, but do no damage.
The ice beast closely misses you.
You closely miss the ice beast. Your headbutt misses the ice beast.
You block the ice beast's attack. The ice beast hits you.
The ice beast freezes you!
* * * LOW HITPOINT WARNING * * *
😨 HP[-15]
You take 15 damage, and now have 30/63 hp.
MASSIVE DAMAGE!! (PAUSE)
You barely miss the ice beast.
You block the ice beast's attack. 😨 HP[+1]
You slash the ice beast! You block the ice beast's attack.
You barely miss the ice beast. You headbutt the ice beast.
You block the ice beast's attack. The ice beast barely misses you.
You furiously retaliate!
You headbutt the ice beast. You hit the ice beast.
Your headbutt misses the ice beast.
You block the ice beast's attack. 😮 HP[+1]
You barely miss the ice beast. The ice beast barely misses you.
You hit the ice beast. You block the ice beast's attack.
You hit the ice beast.
You kill the ice beast!
Your Armour skill increases to level 6!
You start resting.
HP restored. 😎 HP[+31]
You see here a hound corpse.
You see here a hound corpse.
z - 4 poisoned darts {throwing} (gained 3)
An acid dragon comes into view.
The acid dragon roars!
You hear a shout!
The acid dragon bites you.
You block the acid dragon's attack. 😕 HP[-4]
You take 4 damage, and now have 59/63 hp.
You hit the acid dragon. The acid dragon bites you!
The acid dragon closely misses you. 😕 HP[-6]
You take 6 damage, and now have 53/63 hp.
You hit the acid dragon but do no damage.
The acid dragon spits acid at you. The splash of acid misses you.
The acid dragon spits acid at you. The splash of acid hits you!!
The acid corrodes you! 😮 HP[-20]
You take 20 damage, and now have 33/63 hp.
MASSIVE DAMAGE!! (PAUSE)
You completely miss the acid dragon. The acid dragon barely misses you.
You block the acid dragon's attack.
You slash the acid dragon! The acid dragon bites you!
* * * LOW HITPOINT WARNING * * *
You block the acid dragon's attack. 😨 HP[-8]
You take 8 damage, and now have 25/63 hp.
You hit the acid dragon. The acid dragon bites you.
* * * LOW HITPOINT WARNING * * *
You block the acid dragon's attack. 😨 HP[-5]
You take 5 damage, and now have 20/63 hp.
You barely miss the acid dragon. You headbutt the acid dragon.
The acid dragon spits acid at you. The splash of acid hits you!!
You die...

Skill      XL: |  1  2  3  4  5  6  7 |
---------------+----------------------+-----
Fighting       | 4 5 6 |  6.2
Shields        | 4 5 6 |  6.1
Armour         | 4 5 6 |  6.0
Axes           | 3 4 5 |  5.3
Dodging        | 1 |  1.7

Action                   |  1- 3 |  4- 6 |  7- 9 || total
-------------------------+-------+-------+-------++-------
Melee: War axe           |    54 |   133 |    32 ||   219
       Headbutt          |     6 |    13 |    16 ||    35
       Dagger            |       |     4 |    95 ||    99
Throw: Dart              |       |       |     2 ||     2
Armor: Scale mail        |    31 |    60 |    53 ||   144
Dodge: Dodged            |    30 |    66 |    41 ||   137
Block: Buckler           |     7 |    78 |    80 ||   165
       Reflection        |       |       |     2 ||     2

Levels and vault maps discovered:
D:1:      dpeg_arrival_rhombus, layout_loops_corners,
          nicolae_ecumenical_snake_handling
D:2:      layout_loops_cross, serial_park_tiny_1
D:3:      layout_loops_cross, minmay_fountain_box
D:4:      layout_basic, uniq_edmund, uniq_crazy_yiuf_cottage, uniq_ijyb
D:5:      layout_cave_pods, uniq_sigmund
D:6:      layout_loops_ring, minmay_temple_entry_junction_2, uniq_maggie,
          uniq_blork_the_orc, uniq_menkaure, uniq_prince_ribbit1

Notes
Turn   | Place    | Note
-------+----------+-------------------------------------------
     0 | D:1      | Faeu the Minotaur Fighter began the quest for the Orb.
     0 | D:1      | Reached XP level 1. HP: 19/19 MP: 0/0
     0 | D:1      | magus.rc [v1.9.6]
   213 | D:1      | Reached XP level 2. HP: 27/27 MP: 1/1
   526 | D:1      | Reached skill level 4 in Fighting
   558 | D:1      | Reached skill level 4 in Shields
   566 | D:1      | Found a faded altar of an unknown god.
   577 | D:1      | Reached skill level 4 in Armour
   911 | D:2      | Reached XP level 3. HP: 33/33 MP: 2/2
   942 | D:2      | Reached skill level 3 in Axes
   966 | D:2      | You fall into a shaft and drop 2 floors!
   966 | D:4      | Noticed a scorpion
   972 | D:5      | Entered Level 5 of the Dungeon
   977 | D:5      | Reached XP level 4. HP: 38/41 MP: 3/3
  1048 | D:5      | Noticed a scorpion
  1071 | D:6      | Killed a scorpion
  1223 | D:6      | Noticed a phantom
  1281 | D:5      | Noticed a black bear
  1287 | D:5      | Killed a black bear
  1288 | D:5      | Reached skill level 5 in Fighting
  1288 | D:5      | Reached skill level 4 in Axes
  1288 | D:5      | Reached skill level 5 in Shields
  1288 | D:5      | Reached XP level 5. HP: 37/48 MP: 4/4
  1390 | D:5      | Noticed a black bear
  1556 | D:5      | Reached skill level 5 in Armour
  1556 | D:5      | Reached XP level 6. HP: 41/56 MP: 5/5
  1977 | D:4      | Noticed Edmund
  3104 | D:3      | Reached XP level 7. HP: 62/62 MP: 6/6
  3549 | D:4      | Reached skill level 5 in Axes
  3809 | D:4      | Reached skill level 6 in Fighting
  3832 | D:4      | Reached skill level 1 in Dodging
  3874 | D:4      | Noticed Ijyb
  4032 | D:5      | Reached skill level 6 in Shields
  4047 | D:5      | Reached skill level 6 in Armour
  4252 | D:5      | Killed from afar by an acid dragon

Vanquished Creatures
  An ice beast (D:5)
  2 black bears (D:5)
  3 scorpions
  A hound (D:5)
  A jelly (D:5)
  10 gnolls
  8 adders
  An adder skeleton (D:4)
  4 dart slugs
  2 orcs
  3 endoplasms
  5 giant cockroaches
  7 hobgoblins
  13 jackals
  4 kobolds
  2 quokkas
  11 ball pythons
  8 bats
  A frilled lizard (D:2)
  7 goblins
  6 rats
100 creatures vanquished.

Table legend:
 A = Non-vault XP
 B = Vault XP
 C = Vault XP percentage of total XP
 D = Non-vault monster count
 E = Vault monster count
 F = Vault count percentage of total count
                 A         B        C        D         E       F
            +---------+---------+-------+---------+---------+-------
      Total |    1122 |       2 |   0.2 |      98 |       2 |   2.0
            +---------+---------+-------+---------+---------+-------
        D:1 |      38 |       2 |   5.0 |      20 |       2 |   9.1
        D:2 |      77 |       0 |   0.0 |      29 |       0 |   0.0
        D:3 |      42 |       0 |   0.0 |      16 |       0 |   0.0
        D:4 |     272 |       0 |   0.0 |      21 |       0 |   0.0
        D:5 |     613 |       0 |   0.0 |      11 |       0 |   0.0
        D:6 |      80 |       0 |   0.0 |       1 |       0 |   0.0
            +---------+---------+-------+---------+---------+-------

Illustrated notes

Table legend:
 A = Kills in this place as a percentage of kills in entire the game.
 B = Kills by you in this place as a percentage of kills by you in the entire game.
 C = Kills by friends in this place as a percentage of kills by friends in the entire game.
 D = Other kills in this place as a percentage of other kills in the entire game.
 E = Experience gained in this place as a percentage of experience gained in the entire game.
 F = Experience gained in this place divided by the number of levels of this place that you have seen.
                   A       B       C       D       E      F
               +-------+-------+-------+-------+-------+----------------------
         Total | 100.0 | 100.0 |   N/A |   N/A | 100.0 | 187.3
       Dungeon | 100.0 | 100.0 |   N/A |   N/A | 100.0 | 187.3
               +-------+-------+-------+-------+-------+----------------------

Table legend: (Time is in decaauts)
 A = Elapsed time spent in this place.
 B = Non-inter-level travel time spent in this place.
 C = Inter-level travel time spent in this place.
 D = Time resting spent in this place.
 E = Time spent auto-exploring this place.
 F = Levels seen in this place.
 G = Mean time per level.
                   A        B        C        D        E       F      G
               +--------+--------+--------+--------+--------+-----+--------+
         Total |   4330 |   4222 |    108 |   1066 |   1843 |   6 |  721.7 |
       Dungeon |   4330 |   4222 |    108 |   1066 |   1843 |   6 |  721.7 |
               +--------+--------+--------+--------+--------+-----+--------+

Top non-repeatable levels by time:
     D:5: 961 daAuts
     D:1: 885 daAuts
     D:4: 867 daAuts
     D:2: 757 daAuts
     D:3: 652 daAuts
     D:6: 206 daAuts
